 Seeded DCSS version 0.31-a0-210-gccc998df9b (webtiles) character file.

Game seed: 8113056780134302019 (custom seed)

1101 innerfire43 the Fighter (level 8, -6/66 (72) HPs)
             Began as a Demonspawn Monk on June 30, 2023.
             Mangled by a wight
             ... wielding a +0 scimitar
              (11 damage)
             ... on level 5 of the Dungeon.
             The game lasted 00:04:30 (4495 turns).

innerfire43 the Fighter (Demonspawn Monk)           Turns: 4495, Time: 00:04:30

HP:   -6/66 (72)    AC: 11    Str: 14    XL:     8   Next: 10%
MP:   8/8           EV: 14    Int: 11    God:
Gold: 216           SH:  0    Dex: 16    Spells: 7/7 levels left

rFire   + . .        a - +0 hand axe
rCold   . . .        d - orb {light}
rNeg    . . .        b - +0 robe
rPois   .            h - +0 helmet
rElec   .            s - +0 cloak
rCorr   .            (no gloves)
SInv    .            w - +0 pair of boots
Will    .....        (no amulet)
Stlth   +            m - +4 ring of protection
HPRegen 0.31/turn    o - ring of protection from fire
MPRegen 0.11/turn

%: no passive effects
@: glowing, studying Fighting, drained
A: thin metallic scales 1, demonic guardian 1, powered by death 1, demonic touch
2
a: no special abilities


You were on level 5 of the Dungeon.
You visited 1 branch of the dungeon, and saw 5 of its levels.

You collected 216 gold pieces.

Inventory:

Hand Weapons
 a - a +0 hand axe (weapon)
Armour
 b - a +0 robe (worn)
 d - an orb of light (worn)
 h - a +0 helmet (worn)
 j - a +0 tower shield
 s - a +0 cloak (worn)
 w - a +0 pair of boots (worn)
Jewellery
 e - a ring of see invisible
 m - a +4 ring of protection (left hand)
 o - a ring of protection from fire (right hand)
 p - a ring of ice
Scrolls
 c - a scroll of torment {unknown}
 f - 3 scrolls of fog {unknown}
 g - 2 scrolls of vulnerability {unknown}
 i - 3 scrolls of teleportation {unknown}
 k - a scroll of blinking {unknown}
 l - a scroll of amnesia {unknown}
 r - a scroll of enchant weapon {unknown}
 t - a scroll of identify {unknown}
Potions
 n - a potion of degeneration {unknown}
 q - a potion of attraction {unknown}
 u - 2 potions of resistance
 v - a potion of haste {unknown}
 x - a potion of enlightenment {unknown}


   Skills:
 * Level 9.9 Fighting
 + Level 5.1 Axes
 + Level 5.1 Dodging


You had 7 spell levels left.
You didn't know any spells.
Your spell library contained the following spells:

 Spells                   Type           Power      Damage    Failure   Level
 Slow                     Hex            0%         N/A       34%         1
 Ensorcelled Hibernation  Hex/Ice        0%         N/A       47%         2
 Poisonous Vapours        Pois/Air       0%         N/A       47%         2
 Confusing Touch          Hex            0%         N/A       71%         3
 Mephitic Cloud           Conj/Pois/Air  0%         N/A       71%         3
 Spider Form              Tmut/Pois      0%         N/A       71%         3
 Vampiric Draining        Necr           0%         2d6       71%         3
 Anguish                  Hex/Necr       0%         N/A       98%         4
 Freezing Cloud           Conj/Ice/Air   0%         6-21      100%        5


Dungeon Overview and Level Annotations

Branches:
Dungeon (5/15)
 Temple: D:4-7

Altars:
Hepliaklqana
Kikubaaqudgha

Shops:
D:1 ?


Innate Abilities, Weirdness & Mutations

You are partially covered in thin metallic scales. (AC +2)
A weak demonic guardian rushes to your aid.
You regenerate a little health from kills.
Your touch may inflict irresistible damage on your foes.


Message History

You feel much better.
The wight hits you with a +2 short sword of freezing.
The wight freezes you. The wight hits you with a +0 scimitar.
You feel drained. The iguana bites you!
Your shadow imp barely misses the wight.
You completely miss the wight.
The wight is moderately damaged.
You hit the iguana but do no damage. You hit the wight but do no damage.
The wight hits you but does no damage. The iguana closely misses you.
The wight barely misses you.
Your shadow imp hits the wight but does no damage.
You hit the wight but do no damage.
The wight is moderately damaged.
You hit the iguana. You hit the wight but do no damage.
The wight completely misses you. The wight hits you with a +0 scimitar.
* * * LOW HITPOINT WARNING * * *
You feel drained.
* * * LOW HITPOINT WARNING * * *
The iguana bites you.
* * * LOW HITPOINT WARNING * * *
Your shadow imp barely misses the wight.
You hit the wight but do no damage.
The wight is moderately damaged.
You hit the iguana but do no damage. You hit the wight but do no damage.
The wight hits you but does no damage.
The iguana hisses menacingly.
The iguana bites you.
* * * LOW HITPOINT WARNING * * *
The wight hits you but does no damage.
Your shadow imp barely misses the wight.
You hit the iguana.
You kill the iguana!
You barely miss the wight. You hit the wight but do no damage.
The wight closely misses you. The wight hits you with a +0 scimitar.
* * * LOW HITPOINT WARNING * * *
You feel drained.
* * * LOW HITPOINT WARNING * * *
Your shadow imp hits the wight but does no damage.
The wight attacks as you move away! The wight hits you with a +0 scimitar!
You die...

#........#.#.....#..#######.#.
#......#.#.###...#.###........
#..........#.....#)#####..##..
#.....##.#.###........##..#...
#...........##...#.#...†......
#......###.......#....#..>##.#
#...........#....#.#.##...##..
##########..5.........#...####
#..z@)#.###.....## #.##z####
####### #..zo. ####... #....
#..... #...... #......#


You could see 3 wights, an orc and a friendly shadow imp (summoned).

Vanquished Creatures
  Grinder (D:3)
  A water moccasin (D:5)
  A black bear (D:5)
  An ice beast (D:5)
  2 ogres (D:5)
  A howler monkey (D:4)
  7 iguanas
  5 gnolls
  9 adders
  An ufetubus (D:5)
  3 worms
  4 dart slugs
  6 orcs
  10 bats
  6 endoplasms
  5 giant cockroaches
  7 goblins
  A hobgoblin (D:3)
  6 kobolds
  2 quokkas
  9 ball pythons
  A frilled lizard (D:3)
  3 rats
92 creatures vanquished.

Notes
Turn   | Place    | Note
-------+----------+-------------------------------------------
     0 | D:1      | innerfire43 the Demonspawn Monk began the quest for the
                  | Orb.
     0 | D:1      | Reached XP level 1. HP: 18/18 MP: 1/1
    78 | D:1      | Gained mutation: Your touch may inflict minor irresistible
                  | damage on your foes. [demonic ancestry]
    78 | D:1      | Reached XP level 2. HP: 24/24 MP: 2/2
   176 | D:1      | Identified a scroll of acquirement
   176 | D:1      | Acquired a manual of Fighting
   248 | D:1      | Reached XP level 3. HP: 27/30 MP: 3/3
   382 | D:1      | Found Ponycs's Magic Scroll Shop.
   505 | D:1      | Reached skill level 4 in Fighting
   965 | D:2      | Gained mutation: You are partially covered in thin metallic
                  | scales. (AC +2) [demonic ancestry]
   965 | D:2      | Reached XP level 4. HP: 34/38 MP: 4/4
  1550 | D:3      | Reached skill level 5 in Fighting
  1739 | D:3      | Noticed Grinder
  1743 | D:3      | Paralysed by Grinder for 5 turns
  1758 | D:3      | Paralysed by Grinder for 4 turns
  1782 | D:3      | Killed Grinder
  1783 | D:3      | Reached skill level 6 in Fighting
  1783 | D:3      | Gained mutation: Your touch may inflict irresistible damage
                  | on your foes. [demonic ancestry]
  1783 | D:3      | Reached XP level 5. HP: 11/47 MP: 5/5
  1783 | D:3      | Reached XP level 6. HP: 12/53 MP: 6/6
  2426 | D:4      | Reached skill level 7 in Fighting
  3048 | D:4      | Found an ancient bone altar of Kikubaaqudgha.
  3323 | D:4      | Acquired a +4 ring of protection
  3367 | D:5      | Entered Level 5 of the Dungeon
  3419 | D:5      | Noticed a water moccasin
  3441 | D:5      | Killed a water moccasin
  3442 | D:5      | Gained mutation: A weak demonic guardian rushes to your
                  | aid. [demonic ancestry]
  3442 | D:5      | Reached XP level 7. HP: 10/61 MP: 7/7
  3693 | D:5      | Reached skill level 8 in Fighting
  4154 | D:5      | Found a hazy altar of Hepliaklqana.
  4185 | D:5      | Reached skill level 9 in Fighting
  4257 | D:5      | Reached skill level 5 in Axes
  4257 | D:5      | Reached skill level 5 in Dodging
  4257 | D:5      | Gained mutation: You regenerate a little health from kills.
                  | [demonic ancestry]
  4257 | D:5      | Reached XP level 8. HP: 34/72 MP: 8/8
  4495 | D:5      | Mangled by a wight

Illustrated notes

Levels and vault maps discovered:
D:1:      roderic_crossed_star, layout_rooms, serial_shops, nicolae_diamond_shop
D:2:      layout_loops_cross
D:3:      layout_basic, uniq_grinder
D:4:      layout_basic, zin_academy, kennysheep_mini
D:5:      layout_basic, kennysheep_mini_moat, grunt_decor_one_mirror,
          kennysheep_generic_room_9

Skill      XL: |  1  2  3  4  5  6  7 |
---------------+----------------------+-----
Dodging        | 3 4 5 |  5.1
Axes           | 3 4 5 |  5.1
Fighting       | 4 6 7 9 |  9.9

Action                     |  1- 3 |  4- 6 |  7- 9 || total
---------------------------+-------+-------+-------++-------
  Melee: Hand axe          |    88 |   170 |   130 ||   388
    Use: Scroll            |     1 |     1 |       ||     2
         Potion            |       |     4 |     1 ||     5
   Stab: Distracted        |       |       |     1 ||     1
 Armour: Robe              |    22 |    52 |    39 ||   113
  Dodge: Dodged            |    68 |   120 |   104 ||   292

Table legend: (Time is in decaauts)
 A = Elapsed time spent in this place.
 B = Non-inter-level travel time spent in this place.
 C = Inter-level travel time spent in this place.
 D = Time resting spent in this place.
 E = Time spent auto-exploring this place.
 F = Levels seen in this place.
 G = Mean time per level.
                   A        B        C        D        E       F      G
               +--------+--------+--------+--------+--------+-----+--------+
         Total |   4533 |   4278 |    255 |      0 |   3502 |   5 |  906.6 |
       Dungeon |   4533 |   4278 |    255 |      0 |   3502 |   5 |  906.6 |
               +--------+--------+--------+--------+--------+-----+--------+

Top non-repeatable levels by time:
     D:5: 1139 daAuts
     D:4: 1084 daAuts
     D:2: 942 daAuts
     D:3: 755 daAuts
     D:1: 612 daAuts
